AoeStats
← laurabaarova

Arena

507306976Analyzed
4v4 RM · 16d ago on Sep 17, 2026· 79m 0s· 8 players
Game mode
Random Map
Map size
Large (8 player)
Population
200
Speed
Normal
Resources
Standard
Victory
Conquest
Starting age
Dark Age
Ending age
Imperial Age
RankedLock teamsTeams togetherTeam positionsShared explorationLock speedFull tech treeHidden civsTurbo modeCheats
Victory
Defeat
🇹🇷 Georgians · Türkiye
770
+16
🇩🇪 Persians · Germany
762
+16
🇩🇰 Teutons · Denmark
725
+18
🇹🇷 Britons · Türkiye
704
+18
🇨🇱 Saracens · Chile
789
-18
🇪🇸 Bohemians · Spain
775
-18
🇨🇿 Magyars · Czechia
764
-34
🇹🇼 Teutons · Taiwan
713
-15
birtanonline
0:48 Loom
12:47 Feudal Age
13:14 Double-Bit Axe
13:33 Town Watch
13:45 Horse Collar
15:10 Wheelbarrow
14:54 Stone Mining
15:23 Gold Mining
23:25 Castle Age
22:46 Forging
22:27 Fletching
22:42 Scale Barding Armor
24:39 Bow Saw
25:07 Stone Shaft Mining
24:37 Heavy Plow
24:39 Town Patrol
24:50 Bodkin Arrow
25:03 Caravan
27:16 Fortified Wall
27:37 Fervor
27:20 Treadmill Crane
28:06 Svan Towers
30:24 Hand Cart
32:00 Iron Casting
33:00 Ballistics
32:36 Murder Holes
32:51 Masonry
37:32 Imperial Age
37:56 Chain Barding Armor
38:37 Conscription
38:53 Hoardings
40:01 Blast Furnace
39:46 Guilds
40:26 Plate Barding Armor
40:33 Husbandry
41:11 Bloodlines
41:49 Aznauri Cavalry
43:21 Bracer
44:18 Crop Rotation
44:20 Elite Monaspa
53:33 Architecture
53:08 Siege Engineers
54:04 Chemistry
52:50 Arrowslits
53:25 Sappers
xxnz6821
12:55 Feudal Age
14:07 Wheelbarrow
13:20 Double-Bit Axe
15:52 Man-at-Arms
16:18 Arson
18:06 Scale Mail Armor
18:17 Forging
19:45 Gold Mining
19:46 Stone Mining
23:26 Castle Age
23:39 Pikeman
24:06 Gambesons
24:22 Squires
26:24 Horse Collar
27:03 Kamandaran
28:18 Scale Barding Armor
28:05 Fletching
29:46 Gold Shaft Mining
28:42 Crossbowman
29:26 Padded Archer Armor
31:54 Hand Cart
32:14 Bow Saw
34:57 Thumb Ring
36:07 Chain Barding Armor
35:43 Bodkin Arrow
36:04 Leather Archer Armor
38:09 Iron Casting
37:51 Caravan
39:01 Stone Shaft Mining
40:43 Ballistics
40:59 Heavy Plow
43:58 Imperial Age
41:47 Chain Mail Armor
41:59 Loom
41:59 Town Watch
43:36 Halberdier
45:34 Chemistry
45:08 Ring Archer Armor
v2_Snake
8:12 Loom
12:12 Feudal Age
13:39 Wheelbarrow
12:47 Horse Collar
13:22 Double-Bit Axe
17:30 Horse Collar
20:57 Castle Age
25:30 Bow Saw
25:22 Heavy Plow
27:28 Hand Cart
27:56 Town Watch
32:19 Gold Mining
34:46 Gold Shaft Mining
34:02 Stone Mining
36:23 Fortified Wall
40:42 Caravan
43:22 Imperial Age
41:59 Fletching
42:10 Padded Archer Armor
42:39 Masonry
42:10 Treadmill Crane
42:44 Masonry
42:55 Ballistics
45:20 Fervor
45:17 Town Patrol
46:38 Bodkin Arrow
46:58 Leather Archer Armor
47:52 Warwolf
48:12 Conscription
48:17 Yeomen
48:32 Elite Longbowman
50:19 Ring Archer Armor
49:50 Bracer
53:33 Hoardings
55:27 Two-Man Saw
55:07 Architecture
62:20 Scale Mail Armor
65:38 Chemistry
64:58 Onager
76:50 Spies/Treason
LongJohnGina
0:32 Loom
11:46 Feudal Age
15:58 Castle Age
14:13 Horse Collar
15:04 Double-Bit Axe
18:47 Bow Saw
20:55 Wheelbarrow
21:38 Stone Mining
23:27 Fletching
24:27 Hand Cart
24:17 Town Watch
24:40 Heavy Plow
26:47 Gold Mining
32:31 Gambesons
32:47 Squires
32:32 Arson
33:11 Ironclad
33:48 Town Patrol
37:54 Imperial Age
38:41 Stone Shaft Mining
40:44 Bodkin Arrow
41:00 Forging
40:51 Scale Mail Armor
41:54 Chemistry
41:15 Ballistics
41:04 Siege Engineers
41:35 Crop Rotation
42:14 Two-Man Saw
41:56 Conscription
44:54 Heavy Scorpion
47:36 Iron Casting
47:16 Chain Mail Armor
51:00 Crenellations
50:01 Elite Teutonic Knight
51:17 Hoardings
53:02 Blast Furnace
52:33 Plate Mail Armor
52:07 Caravan
52:38 Coinage
52:18 Guilds
69:59 Scale Barding Armor
69:55 Padded Archer Armor
69:43 Arrowslits
70:09 Fortified Wall
70:10 Masonry
76:30 Banking
76:22 Chain Barding Armor
76:18 Leather Archer Armor
76:27 Bombard Tower
78:30 Spies/Treason
MagicMorpheus91
12:14 Feudal Age
10:45 Loom
13:28 Double-Bit Axe
14:59 Arson
14:35 Man-at-Arms
16:02 Wheelbarrow
15:41 Forging
17:02 Scale Mail Armor
17:03 Padded Archer Armor
17:24 Town Watch
17:31 Fletching
20:56 Horse Collar
24:08 Castle Age
25:28 Iron Casting
26:32 Bow Saw
28:49 Chain Mail Armor
28:41 Long Swordsman
28:43 Pikeman
29:24 Squires
29:55 Leather Archer Armor
30:29 Hand Cart
33:50 Bodkin Arrow
33:59 Town Patrol
34:14 Caravan
34:24 Elite Skirmisher
34:25 Crossbowman
36:21 Scale Barding Armor
39:42 Imperial Age
39:48 Capped Ram
39:48 Onager
42:20 Halberdier
44:45 Heavy Scorpion
46:16 Plate Mail Armor
47:26 Fortified Wall
48:17 Chemistry
48:20 Ring Archer Armor
48:51 Blast Furnace
誰偷我的豬
0:45 Loom
11:03 Feudal Age
12:16 Horse Collar
12:39 Double-Bit Axe
18:29 Castle Age
16:36 Horse Collar
18:41 Stone Mining
19:25 Bow Saw
20:56 Gold Mining
21:39 Heavy Plow
27:01 Wheelbarrow
30:17 Stone Shaft Mining
35:11 Imperial Age
33:27 Hand Cart
35:26 Town Watch
35:39 Town Watch
37:02 Conscription
39:21 Crop Rotation
42:41 Cavalier
44:46 Chemistry
44:29 Paladin
46:17 Scale Barding Armor
46:25 Forging
49:16 Squires
48:41 Pikeman
55:57 Onager
61:42 Capped Ram
PilotExpert9105
12:49 Feudal Age
14:06 Double-Bit Axe
21:51 Castle Age
22:49 Caravan
23:48 Treadmill Crane
25:10 Fortified Wall
27:27 Wheelbarrow
28:19 Bow Saw
28:12 Loom
29:35 Hand Cart
34:16 Imperial Age
32:55 Forging
32:51 Scale Barding Armor
32:50 Scale Mail Armor
32:14 Man-at-Arms
32:40 Gambesons
32:56 Squires
32:43 Arson
34:12 Gold Mining
34:13 Stone Mining
34:27 Husbandry
34:38 Bloodlines
33:50 Light Cavalry
34:24 Horse Collar
34:24 Pikeman
36:13 Chemistry
35:34 Ballistics
35:23 Heavy Plow
36:03 Fletching
40:02 Bodkin Arrow
39:51 Elite Mameluke
42:12 Conscription
46:00 Herbal Medicine
47:49 Iron Casting
47:35 Chain Barding Armor
47:16 Bracer
71:08 Hussar
laurabaarova
10:14 Feudal Age
8:31 Loom
12:12 Wheelbarrow
12:28 Double-Bit Axe
19:11 Bloodlines
27:07 Castle Age
25:48 Horse Collar
26:49 Scale Barding Armor
28:05 Hand Cart
28:44 Bow Saw
29:00 Husbandry
28:24 Light Cavalry
29:39 Chain Barding Armor
32:21 Husbandry
34:16 Ballistics
34:17 Masonry
33:50 Treadmill Crane
34:02 Heated Shot
34:36 Ballistics
34:45 Ballistics
34:19 Guard Tower
34:27 Murder Holes
35:19 Gold Mining
35:24 Stone Mining
38:54 Pikeman
42:58 Gold Shaft Mining
52:03 Imperial Age
53:30 Plate Barding Armor
52:26 Cavalier
52:38 Hussar
54:13 Paladin
71:13 Town Watch
75:16 Town Patrol
Connection lost

Rejoining the realm…

Still unreachable

The connection could not be restored.

Session expired

The server has moved on; the page needs a fresh start.